 Dungeon Crawl Stone Soup version 0.25.1-8-g42b30a86e7 (webtiles) character file.

Game seed: 13673906367231791360

845 kitd the Digger (level 8, -6/44 HPs)
             Began as a Gargoyle Earth Elementalist on Dec 22, 2020.
             Was an Initiate of Makhleb.
             Killed from afar by Erolcha (9 damage)
             ... with a bolt of lightning
             ... on level 9 of the Dungeon.
             The game lasted 00:59:50 (4049 turns).

kitd the Digger (Gargoyle Earth Elementalist)       Turns: 4049, Time: 00:59:51

Health: -6/44      AC:  8    Str: 13    XL:     8   Next: 0%
Magic:  20/23      EV: 13    Int: 15    God:    Makhleb [......]
Gold:   268        SH:  0    Dex: 12    Spells: 14/15 levels left

rFire    + . .     SeeInvis .   e - +3 quarterstaff
rCold    + + .     Gourm    .   (shield currently unavailable)
rNeg     + . .     Faith    .   c - +0 robe
rPois    ∞         Spirit   .   (no helmet)
rElec    +         Reflect  .   m - scarf {rC+ rF+}
rCorr    .         Harm     .   A - +0 pair of gloves
MR       .....                  (no boots)
Stlth    ++........             (no amulet)
HPRegen  0.14/turn              y - ring of magical power
MPRegen  0.18/turn              F - ring of protection from cold

@: vulnerable, very slightly contaminated
A: negative energy resistance 1, electricity resistance, unbreathing,
petrification resistance, rot immunity, AC +5
a: Renounce Religion


You were on level 9 of the Dungeon.
You worshipped Makhleb.
Makhleb was noncommittal.
You were not hungry.

You visited 1 branch of the dungeon, and saw 9 of its levels.

You collected 295 gold pieces.
You spent 27 gold pieces at shops.

Inventory:

Hand Weapons
 a - a +0 dagger
 b - a +2 hand axe of distortion
 e - a +3 quarterstaff (weapon)
 f - a +0 scythe
 k - a cursed -1 dagger
 o - a cursed -2 flail
 r - a +0 shortbow
 s - a +0 trident
 C - a +0 falchion
 D - a +0 hand crossbow
Missiles
 l - 28 bolts
 n - 4 atropa-tipped darts
 q - 14 stones
 u - 15 arrows
 w - a boomerang
 E - 7 javelins (quivered)
Armour
 c - a +0 robe (worn)
 g - a +0 robe
 m - a scarf of resistance (worn)
 t - a +0 chain mail
 A - a +0 pair of gloves (worn)
 B - a +0 buckler
Jewellery
 y - a ring of magical power (left hand)
 F - a ring of protection from cold (right hand)
Wands
 i - a wand of polymorph (9)
 j - a wand of flame (3)
Scrolls
 p - 3 scrolls of identify
 v - 2 scrolls of amnesia
Comestibles
 d - 5 rations
 x - a chunk of flesh


   Skills:
 * Level 1.8 Fighting
 + Level 0.5 Short Blades
 + Level 2.0 Staves
 + Level 1.0 Bows
 + Level 0.3 Crossbows
 - Level 0.3 Throwing
 * Level 3.2 Dodging
 * Level 4.0 Stealth
 + Level 4.3 Spellcasting
   Level 0.7 Transmutations
 * Level 6.6 Earth Magic
 + Level 0.1 Evocations


You had 14 spell levels left.
You knew the following spells:

 Your Spells              Type           Power        Failure   Level  Hunger
a - Sandblast             Erth           ###...       1%          1    None

Your spell library contained the following spells:

 Spells                   Type           Power        Failure   Level  Hunger
 Passwall                 Tmut/Erth      ##......     6%          2    ##.....
 Stone Arrow              Conj/Erth      ##....       14%         3    ###....
 Lee's Rapid Deconstruct  Erth           ###.......   32%         5    ######.
 Petrify                  Tmut/Erth      ##......     36%         4    ####...


Dungeon Overview and Level Annotations

Branches:
Dungeon (9/15)             Temple (0/1) D:7
   Lair: D:8-11         Orc: D:9-12

Altars:
Gozag
Makhleb
Sif Muna

Shops:
D:5 (   D:6 :

Annotations:
D:8 Maggie
D:9 Erolcha


Innate Abilities, Weirdness & Mutations

You are resistant to torment.
Your stone body is resilient. (AC +5)
You are immune to poison.
You resist negative energy. (rN+)
You are resistant to electric shocks. (rElec)
You can survive without breathing.
You are immune to petrification.
You are immune to rotting.


Message History

Aim: Erolcha, wielding a +0 giant club and wearing a +0 robe (moderately wounded)
The puff of flame hits Erolcha.
Erolcha is moderately wounded.
Erolcha hits you with a +0 giant club!!
Ouch! That really hurt!
* * * LOW HITPOINT WARNING * * *
Erolcha roars.
Erolcha gestures wildly while chanting.
Erolcha flickers and vanishes!
Deactivating autopickup; reactivate with Ctrl-A.
Okay, then.
Autopickup is now on.
Something hits you!
* * * LOW HITPOINT WARNING * * *
Deactivating autopickup; reactivate with Ctrl-A.
You barely miss something.
You hear some strange, mumbled words.
A bolt of lightning appears from out of thin air!
The bolt of lightning hits you! You resist.
You die...

...#### #.....###
......##......###
.)......#..##....#
........#.......#..#
........#.......# #
.........#.......#
............#..#{.[.##
............#..#@....###
.....(........#.........
...?..............######
.................##
#...........#.##
###.....#....##.##
............###..####
...........## ##.....
............###....


There were no monsters in sight!

Vanquished Creatures
  Sigmund (D:2)
  A scorpion (D:4)
  A jelly (D:5)
  A crimson imp (D:6)
  A hound (D:6)
  3 orc priests
  An orc wizard (D:5)
  3 iguanas
  A worker ant (D:9)
  A hound skeleton (D:6)
  2 adders (D:9)
  An ooze (D:1)
  2 worms
  A dart slug (D:2)
  2 leopard geckos
  19 orcs
  6 giant cockroaches
  6 goblins
  5 hobgoblins
  6 jackals
  4 kobolds
  2 quokkas
  5 bats
  9 frilled lizards (D:2)
  A jackal skeleton (D:4)
  A leopard gecko skeleton (D:9)
  4 rats
90 creatures vanquished.

Vanquished Creatures (others)
  Maurice (D:9)
  A plant (D:6)
2 creatures vanquished.

Grand Total: 92 creatures vanquished

Notes
Turn   | Place    | Note
-------+----------+-------------------------------------------
     0 | D:1      | kitd the Gargoyle Earth Elementalist began the quest for
                  | the Orb.
     0 | D:1      | Reached XP level 1. HP: 10/10 MP: 3/3
    43 | D:1      | Reached skill level 4 in Earth Magic
    68 | D:1      | Reached XP level 2. HP: 7/15 MP: 1/5
   448 | D:2      | Noticed Sigmund
   458 | D:2      | Killed Sigmund
   458 | D:2      | Reached skill level 5 in Earth Magic
   458 | D:2      | Reached XP level 3. HP: 19/19 MP: 3/7
   458 | D:2      | Reached XP level 4. HP: 24/24 MP: 3/8
   458 | D:2      | Reached XP level 5. HP: 28/28 MP: 3/9
   489 | D:2      | Found an opulent altar of Gozag.
   964 | D:3      | Found a faded altar of an unknown god.
  1075 | D:3      | Reached XP level 6. HP: 30/32 MP: 5/11
  1265 | D:3      | Became a worshipper of Sif Muna the Loreminder
  1265 | D:3      | Reached * piety under Sif Muna
  1567 | D:4      | Reached skill level 1 in Staves
  1695 | D:5      | Entered Level 5 of the Dungeon
  1714 | D:5      | Reached skill level 6 in Earth Magic
  2037 | D:5      | Found Kehun's Weapon Shop.
  2083 | D:5      | Reached ** piety under Sif Muna
  2090 | D:5      | Bought 21 stones for 27 gold pieces
  2147 | D:5      | Reached XP level 7. HP: 37/37 MP: 12/12
  2484 | D:7      | Noticed a hungry ghost
  2601 | D:6      | Found Xeysy's Book Shop.
  2778 | D:6      | Found a burning altar of Makhleb.
  2787 | D:6      | Fell from the grace of Sif Muna
  2787 | D:6      | Became a worshipper of Makhleb the Destroyer
  2884 | D:7      | Noticed a hippogriff
  2907 | D:6      | Reached skill level 1 in Fighting
  3655 | D:7      | Noticed a yak
  3688 | D:8      | Noticed a red ugly thing
  3698 | D:8      | Noticed Maggie
  3754 | D:9      | Noticed Maurice
  3782 | D:9      | Killed Maurice
  3782 | D:9      | Reached skill level 1 in Bows
  4007 | D:9      | Reached XP level 8. HP: 43/44 MP: 14/14
  4021 | D:9      | Noticed Erolcha
  4049 | D:9      | Killed from afar by Erolcha

Illustrated notes

Levels and vault maps discovered:
D:1:      ncdulo_halloftheorcs, layout_basic
D:2:      layout_loops_ring, nicolae_overflow_hidden_temple, first_ration,
          minmay_lizard_pond, uniq_sigmund
D:3:      minmay_chambers_of_twos, layout_basic, marbit_many_paths,
          chequers_ecumenical_altar_simple_redux
D:4:      layout_loops_corners, dancing_weapons_uskayaw
D:5:      layout_basic, serial_shops, shop
D:6:      layout_basic, lemuel_coloured_pillars_altar, serial_shops, shop,
          hangedman_decor_points, serial_bayou_lake_a
D:7:      layout_loops_ring, temple_statues, cheibriados_altar_1
D:8:      layout_cave_pools, nicolae_ru_great_annihilating_truth,
          hangedman_ranch [blue_anna_fruit_fields], minmay_chambers_of_fives,
          uniq_maggie
D:9:      layout_layer_cave, kennysheep_mini, david_orc_5,
          gammafunk_ghost_nasty_kobolds, uniq_erolcha, uniq_maurice

Skill      XL: |  1  2  3  4  5  6  7 |
---------------+----------------------+-----
Earth Magic    | 4 5 6 |  6.6
Dodging        | 2 3 |  3.2
Stealth        | 3 4 |  4.0
Spellcasting   | 3 4 |  4.3
Staves         | 1 2 |  2.0
Fighting       | 1 |  1.8
Bows           | 1 |  1.0
Short Blades   | |  0.5
Crossbows      | |  0.3
Throwing       | |  0.3
Transmutations | |  0.7
Evocations     | |  0.1

Action                   |  1- 3 |  4- 6 |  7- 9 || total
-------------------------+-------+-------+-------++-------
Melee: Dagger            |     8 |       |       ||     8
       Unarmed           |     1 |       |       ||     1
       Quarterstaff      |     3 |    83 |    57 ||   143
 Fire: Shortbow          |       |    11 |     2 ||    13
       Hand crossbow     |       |       |     5 ||     5
Throw: Stone             |       |     7 |       ||     7
       Dart              |       |     5 |     7 ||    12
       Boomerang         |       |     4 |     5 ||     9
       Javelin           |       |       |     5 ||     5
 Cast: Sandblast         |    11 |    49 |    25 ||    85
Evoke: Wand              |       |     1 |     9 ||    10
  Use: Scroll            |     3 |     3 |    10 ||    16
       Potion            |     2 |     3 |       ||     5
 Stab: Sleeping          |       |     2 |       ||     2
  Eat: Chunk             |       |     2 |     1 ||     3
       Ration            |       |     1 |     4 ||     5
Armor: Robe              |     6 |    49 |    28 ||    83
Dodge: Dodged            |    12 |   105 |    59 ||   176
